Arrhythmia, chaotic female vampiric Convict # --+-----.-- --------------. ------------ |..........#############...%...........# |.[%[*[!+%%| |.........| #|..............# ##-*0%.![(+[!| |..........## #----.----------# #|(?%.+=*%!%| |.........|# #### # # #|.*)!?%)%?.| ---.-------# ### # # # #-#---------- # # # ### # ##### # #### ### # ## #### # ### # # # # ### ### ### # ## # # ## ####### # ## % ## ###-----.----.----- #.0-----## # ###...............| e|......# ---.--+--- ### |...<..........| @|......# |.........##)####...............| o|.....| |........|### |..............| #|.....| |......>.|# ---------------- #.>....| ---------- |.....| ------- Arrhythmia the Jail-bird Experience level: 6 Strength: 16 Dexterity: 10 Constitution: 18 Intelligence: 13 Wisdom: 12 Charisma: 8 Health: 0(57) Energy: 35(35) AC: 3 Gold: 10 Moves: 2474 Your Inventory: Coins $ - 10 gold pieces Armor b - a cursed +0 striped shirt (being worn) l - an [uncursed] +0 iron skull cap [orcish helm] (being worn) r - an [uncursed] +0 dwarvish mithril-coat (being worn) Scrolls k - an [uncursed] scroll labeled READ ME [of identify] Potions i - 2 [uncursed] silver potions [of object detection] Rings j - a [cursed] brass ring [of aggravate monster] Wands e - an [uncursed] wand of cold [0:7] f - an [uncursed] wand of secret door detection [0:11] h - an [uncursed] wand of magic missile [0:4] m - an [uncursed] glass wand [of digging (0:7)] Tools n - an [uncursed +0] pick-axe (weapon in hand) q - an [uncursed] skeleton key Gems s - 2 [uncursed] violet gems [worthless glass] Iron balls c - an [uncursed] heavy iron ball (chained to you) Spells known in the end: Name Level Category Fail Memory a - sleep 1 enchantment 100% [||||||||] Your skills at the end: Fighting Skills Weapon Skills sling [Basic / Skilled] Spellcasting Skills Final Attributes: You were piously aligned. Hunger level was 159. Your alignment was 21 / 22. Monster difficulty range was 0 - 4. Level difficulty was 3. You were immune to level-drain. You were immune to sickness. You were punished. You could fly. You could survive without air. You regenerated. Your luck was zero. You are dead. Vanquished creatures: 2 small mimics a bugbear a rock mole a kitten 2 dwarves a hill orc an orc zombie 2 iguanas a large kobold a hobgoblin a cave spider 2 gnomes a gnome zombie 4 geckos 2 jackals 2 foxes a kobold 3 sewer rats 4 grid bugs 2 lichens 5 newts 40 creatures vanquished. Voluntary challenges: You went without food. You used a wielded weapon 5 times. You read items or engraved 6 times. You put on armor 3 times. You never genocided any monsters. You never polymorphed an object. You never changed form. You used no wishes. You wrote Elbereth's name 5 times. You never encountered a bones level. You never used any Sokoban shortcuts. Dungeon overview: The Dungeons of Doom: levels 1 to 3 Level 1 a sink a long staircase Level 2 an altar, a fountain Level 3 <- You were here a general store stairs to The Gnomish Mines The Gnomish Mines: Level 4 stairs to The Dungeons of Doom History has recorded: On T:1 you entered the Dungeons of Doom to retrieve the Amulet of Yendor! On T:607 you reached level 2 of The Dungeons of Doom. On T:913 you advanced to experience level 2. On T:923 you reached level 3 of The Dungeons of Doom. On T:958 you advanced to experience level 3. On T:1194 you advanced to experience level 4. On T:1356 you reached level 1 of The Gnomish Mines. On T:1383 you advanced to experience level 5. On T:1805 you advanced to experience level 6. Latest messages: You are frozen by the floating eye's gaze! The hill orc swings her curved sword. The hill orc hits! [HP-13=44] The hill orc swings her curved sword. The hill orc hits! [HP-10=34] The hill orc swings her curved sword. The hill orc hits! [HP-1=33] [HP+1=34] The hill orc swings her curved sword. The hill orc hits! [HP-6=28] The hill orc swings her curved sword. The hill orc hits! [HP-6=22] The hill orc swings her curved sword. The hill orc hits! [HP-9=13] [HP+1=14] The hill orc swings her curved sword. The hill orc hits! [HP-9=5] The hill orc swings her curved sword. The hill orc hits! You die... Final status: Goodbye Arrhythmia the Convict... You died in The Dungeons of Doom on dungeon level 3 with 1645 points, and 10 pieces of gold, after 2474 moves. You were level 6 with a maximum of 57 hit points when you died.